 Dungeon Crawl Stone Soup version 0.30-a0-325-gb515db48ae (webtiles) character file.

Game seed: 3830231470901612686

51 Upac00 the Ducker (level 3, 0/17 HPs)
             Began as a Felid Berserker on Oct 28, 2022.
             Was a Believer of Trog.
             Succumbed to an adder's poison
             ... on level 2 of the Dungeon.
             The game lasted 00:14:44 (1763 turns).

Upac00 the Ducker (Felid Berserker)                 Turns: 1763, Time: 00:14:44

Health: 0/17       AC:  1    Str: 13 (15) XL:     3   Next: 57%
Magic:  4/4        EV: 18    Int:  6 (8)  God:    Trog [**....]
Gold:   70         SH:  0    Dex: 13 (15) Spells: 2/2 levels left
                                        Lives:  0   Deaths: 0

rFire   . . .      SeeInvis +      - Unarmed
rCold   . . .      Faith    .    (shield unavailable)
rNeg    . . .      Spirit   .    (body armour unavailable)
rPois   .          Reflect  .    (helmet unavailable)
rElec   .          Harm     .    (cloak unavailable)
rCorr   .          Rampage  .    (gloves unavailable)
Will    .....                    (boots unavailable)
Stlth   +.........               (no amulet)
HPRegen 0.22/turn                (no ring)
MPRegen 0.09/turn                (no ring)

@: lethally poisoned (0 -> -7), quick
A: very small, claws 1, fangs 3, see invisible, speed 1, shaggy fur 1, stealthy
paws, no weapons or thrown items, no armour, multi-lived
a: Renounce Religion, Berserk, Trog's Hand


You were on level 2 of the Dungeon.
You worshipped Trog.
Trog was pleased with you.
You visited 1 branch of the dungeon, and saw 3 of its levels.

You collected 70 gold pieces.

Inventory:

Jewellery
 c - an amulet of magic regeneration
Scrolls
 e - a scroll of poison {unknown}
 f - a scroll of enchant armour {unknown}
Potions
 b - a potion of brilliance
 d - a potion of magic


   Skills:
 + Level 3.4 Fighting
 + Level 4.7 Dodging
 + Level 3.8 Unarmed Combat


You had 2 spell levels left.
You didn't know any spells.
Your spell library was empty.

Dungeon Overview and Level Annotations

Branches:
Dungeon (3/15)

Altars:
Fedhas


Innate Abilities, Weirdness & Mutations

You have sharp claws.
You have razor-sharp teeth.
You have supernaturally acute eyesight. (SInv)
You cover ground quickly. (Speed+)
You are covered in fur. (AC +1)
Your paws help you pounce on unaware monsters.
You are incapable of wielding weapons or throwing items.
You cannot wear armour.
You gain extra lives every three experience levels.


Message History

The adder is heavily wounded.
The bat closely misses you. The adder bites you.
The adder completely misses you. The goblin misses you.
You scratch the adder but do no damage. The adder bites you.
* * * LOW HITPOINT WARNING * * *
The adder barely misses you. The goblin completely misses you.
The adder bites you.
* * * LOW HITPOINT WARNING * * *
You are lethally poisoned!
The adder poisons you!
You feel better. The bat hits you. The adder misses you.
The adder completely misses you. The goblin hits you with a +0 dagger.
The adder misses you.
You miss the adder. The adder bites you. The adder closely misses you.
The goblin misses you.
You closely miss the adder.
The adder is heavily wounded.
The adder misses you. The adder barely misses you. The goblin misses you.
The bat attacks as you move away! The bat closely misses you.
The bat completely misses you. The adder barely misses you.
There is a stone staircase leading up here.
The bat closely misses you. The goblin closely misses you. The adder bites you.
You are poisoned.
The adder poisons you! The bat hits you but does no damage.
You climb upwards.
You feel sick.
There is a stone staircase leading down here.
You scratch the goblin. You bite the goblin.
You kill the goblin!
Trog accepts your kill.
You feel sick. The adder bites you.
* * * LOW HITPOINT WARNING * * *
You are lethally poisoned!
The adder poisons you! The adder barely misses you.
* * * LOW HITPOINT WARNING * * *
You feel sick. The adder closely misses you.
Things that are here:
a +0 dagger; a goblin corpse You barely miss the adder.
You bite the adder.
The adder is lightly wounded.
You die...

............###########.###
#.........................#
.......#.##.###############
######.#.#....####
.........#.......#
..(....###.......# .......#
##.._...# .......# #......#
.......# #....S@# .......#
######># .......# #...#
.......# #.###### .......#
#......# ######## ########


You could see an adder.

Vanquished Creatures
  2 adders (D:2)
  2 dart slugs
  3 endoplasms (D:2)
  3 goblins (D:2)
  5 hobgoblins
  2 kobolds
  2 quokkas (D:2)
  2 ball pythons
  A bat (D:2)
  A frilled lizard (D:2)
  6 rats
29 creatures vanquished.

Notes
Turn   | Place    | Note
-------+----------+-------------------------------------------
     0 | D:1      | Upac00 the Felid Berserker began the quest for the Orb.
     0 | D:1      | Reached XP level 1. HP: 10/10 MP: 2/2
    77 | D:1      | Found a faded altar of an unknown god.
   755 | D:1      | Reached XP level 2. HP: 14/14 MP: 3/3
  1181 | D:2      | Found a blossoming altar of Fedhas.
  1252 | D:2      | Reached XP level 3. HP: 17/17 MP: 4/4
  1513 | D:2      | Reached ** piety under Trog
  1763 | D:2      | Succumbed to an adder's poison

Illustrated notes

Levels and vault maps discovered:
D:1:      dpeg_arrival_water_temple_mockup, layout_basic, basic_ecumenical_altar
D:2:      layout_basic, basic_altar
D:3:      layout_rooms, vehumet_crystals, dk_noncrumbling_2

Action                   || total
-------------------------++-------
Melee: Unarmed           ||    98
       Bite              ||    10
       Punch             ||     1
  Use: Potion            ||     7
       Scroll            ||     6
 Stab: Invisible         ||     1
Armor: Skin              ||     6
Dodge: Dodged            ||   119

Table legend: (Time is in decaauts)
 A = Elapsed time spent in this place.
 B = Non-inter-level travel time spent in this place.
 C = Inter-level travel time spent in this place.
 D = Time resting spent in this place.
 E = Time spent auto-exploring this place.
 F = Levels seen in this place.
 G = Mean time per level.
                   A        B        C        D        E       F      G
               +--------+--------+--------+--------+--------+-----+--------+
         Total |   1448 |   1448 |      0 |      0 |    627 |   3 |  482.7 |
       Dungeon |   1448 |   1448 |      0 |      0 |    627 |   3 |  482.7 |
               +--------+--------+--------+--------+--------+-----+--------+

Top non-repeatable levels by time:
     D:1: 825 daAuts
     D:2: 605 daAuts
     D:3: 17 daAuts
